 Dungeon Crawl Stone Soup version 0.28-a0-863-g8cecda6153 (webtiles) character file.

Game seed: 12039960556255135887

95 ytrimaz the Covered (level 4, -2/55 HPs)
             Began as a Demonspawn Fighter on Nov 18, 2021.
             Slain by an orc priest (4 damage)
             ... on level 3 of the Dungeon.
             The game lasted 00:01:42 (2009 turns).

ytrimaz the Covered (Demonspawn Fighter)            Turns: 2009, Time: 00:01:42

Health: -2/55      AC:  7    Str: 18    XL:     4   Next: 39%
Magic:  4/4        EV:  9    Int:  9    God:
Gold:   38         SH:  4    Dex: 12    Spells: 3/3 levels left

rFire   . . .      SeeInvis .   j - +1 short sword (vamp)
rCold   . . .      Faith    .   c - +0 buckler
rNeg    . . .      Spirit   .   b - +0 scale mail
rPois   .          Reflect  .   (no helmet)
rElec   .          Harm     .   (no cloak)
rCorr   .          Rampage  .   (no gloves)
Will    .....                   (no boots)
Stlth   ..........              (no amulet)
HPRegen 0.18/turn               (no ring)
MPRegen 0.09/turn               (no ring)

@: berserking, very quick
A: powered by pain 1
a: no special abilities


You were on level 3 of the Dungeon.
You visited 1 branch of the dungeon, and saw 3 of its levels.

You collected 38 gold pieces.

Inventory:

Hand Weapons
 a - a +0 rapier
 j - a +1 vampiric short sword (weapon)
Missiles
 h - 28 poisoned darts (quivered)
Armour
 b - a +0 scale mail (worn)
 c - a +0 buckler (worn)
Jewellery
 e - a ring of magical power
 i - a ring of magical power
Scrolls
 k - a scroll of fear
Potions
 d - a potion of might
 g - 2 potions of brilliance
 m - a potion of attraction {unknown}


   Skills:
 + Level 3.7 Fighting
 - Level 1.7 Short Blades
 + Level 3.8 Armour
 + Level 3.3 Shields


You had 3 spell levels left.
You didn't know any spells.
Your spell library contained the following spells:

 Spells                   Type           Power      Damage    Failure   Level
 Fulminant Prism          Conj/Hex       0%         3d6       100%        4
 Iskenderun's Mystic Bla  Conj/Tloc      0%         2d3       100%        4
 Lee's Rapid Deconstruct  Erth           0%         3d5*      100%        5


Dungeon Overview and Level Annotations

Branches:
Dungeon (3/15)

Altars:
Qazlal


Innate Abilities, Weirdness & Mutations

You sometimes gain a little power by taking damage.


Message History

You are too injured to fight recklessly!
Unknown command.
You barely miss the orc priest.
The orc priest is heavily wounded.
The orc priest hits you with a +0 hand axe.
The orc closely misses you.
You barely miss the orc priest.
The orc priest is heavily wounded.
You block the orc priest's attack. The orc closely misses you.
Unknown command.
You hit the orc priest but do no damage.
The orc priest is heavily wounded.
The orc priest hits you but does no damage.
The orc hits you but does no damage.
You hit the orc priest.
The orc priest is severely wounded.
The orc priest hits you with a +0 hand axe.
* * * LOW HITPOINT WARNING * * *
The orc hits you from afar with a +0 trident.
* * * LOW HITPOINT WARNING * * *
Unknown command.
The orc priest calls down the wrath of Beogh upon you.
Pain shoots through your body!
* * * LOW HITPOINT WARNING * * *
You hit the orc priest but do no damage.
The orc priest is severely wounded.
You block the orc's attack.
The orc priest hits you with a +0 hand axe.
* * * LOW HITPOINT WARNING * * *
Unknown command.
You hit the orc priest but do no damage.
The orc priest is severely wounded.
The orc closely misses you. The orc priest closely misses you.
Unknown command.
A red film seems to cover your vision as you go berserk!
You feel yourself moving faster!
You feel mighty!
The orc hits you from afar with a +0 trident.
* * * LOW HITPOINT WARNING * * *
The orc priest hits you with a +0 hand axe.
You die...

# ..# ## .##..
.# ...# .. .#
#..# .#
...###... .#
........# .#
........####.#
#...@oo#
#.####oo.....
###.###
.#.....
#.....# .#
.#.. #.....#
.# ... #†††..#
.# .. #.<...#
?# . #.....#
.. #######


You could see an orc priest and 3 orcs.

Vanquished Creatures
  An iguana (D:2)
  An adder (D:2)
  A worm (D:2)
  2 dart slugs (D:1)
  An orc (D:3)
  4 endoplasms
  A giant cockroach (D:1)
  5 goblins
  6 hobgoblins
  5 jackals
  2 quokkas (D:1)
  2 ball pythons
  2 bats
  7 frilled lizards
  6 kobolds
  2 rats (D:2)
48 creatures vanquished.

Notes
Turn   | Place    | Note
-------+----------+-------------------------------------------
     0 | D:1      | ytrimaz the Demonspawn Fighter began the quest for the Orb.
     0 | D:1      | Reached XP level 1. HP: 18/18 MP: 1/1
   212 | D:1      | Gained mutation: You sometimes gain a little power by
                  | taking damage. [demonic ancestry]
   212 | D:1      | Reached XP level 2. HP: 13/24 MP: 2/2
   939 | D:1      | Reached XP level 3. HP: 29/29 MP: 3/3
  1291 | D:2      | Found a stormy altar of Qazlal.
  1480 | D:2      | Reached XP level 4. HP: 36/36 MP: 4/4
  2009 | D:3      | HP: 2/55 [orc (1)]
  2009 | D:3      | Slain by an orc priest

Illustrated notes

Levels and vault maps discovered:
D:1:      nzn_arrival_crosshair, layout_loops_cross, minmay_misc_feat_enclosed,
          minmay_octomino_j4
D:2:      layout_rooms, basic_altar, st_stairs_9
D:3:      layout_loops_cross, nicolae_vehumet_altar_sigil,
          shapermc_ecumenical_altar_hornbeckon, kennysheep_another_room,
          chequers_serial_rivers_small_a, minmay_lizard_king

Skill      XL: |  1  2 |
---------------+-------+-----
Armour         | 3 |  3.8
Shields        | 3 |  3.3
Fighting       | |  3.7
Short Blades   | |  1.7

Action                   |  1- 3 |  4- 6 || total
-------------------------+-------+-------++-------
Melee: Rapier            |    90 |       ||    90
       Short sword       |     4 |    63 ||    67
  Use: Scroll            |     4 |     2 ||     6
       Potion            |       |     1 ||     1
Armor: Scale mail        |    30 |    25 ||    55
Dodge: Dodged            |    35 |    35 ||    70
Block: Buckler           |    21 |    13 ||    34

Table legend: (Time is in decaauts)
 A = Elapsed time spent in this place.
 B = Non-inter-level travel time spent in this place.
 C = Inter-level travel time spent in this place.
 D = Time resting spent in this place.
 E = Time spent auto-exploring this place.
 F = Levels seen in this place.
 G = Mean time per level.
                   A        B        C        D        E       F      G
               +--------+--------+--------+--------+--------+-----+--------+
         Total |   2024 |   2014 |     10 |    218 |   1467 |   3 |  674.7 |
       Dungeon |   2024 |   2014 |     10 |    218 |   1467 |   3 |  674.7 |
               +--------+--------+--------+--------+--------+-----+--------+

Top non-repeatable levels by time:
     D:1: 1214 daAuts
     D:2: 762 daAuts
     D:3: 47 daAuts
